 Dungeon Crawl Stone Soup version 0.23.2 (webtiles) character file.

Game seed: 6536188322276586944

3808 FireSwallow the Thaumaturge (level 9, 0/31 HPs)
             Began as a Felid Venom Mage on July 10, 2019.
             Was an Elder of Hepliaklqana.
             Slain by a water moccasin (9 damage)
             ... on level 5 of the Lair of Beasts.
             The game lasted 02:13:22 (14760 turns).

FireSwallow the Thaumaturge (Felid Venom Mage)     Turns: 14760, Time: 02:13:22

Health: 0/31       AC:  2    Str:  5    XL:     9   Next: 96%
Magic:  16/23      EV: 22    Int: 25    God:    Hepliaklqana [****..]
Gold:   217        SH:  0    Dex: 21    Spells: 2/27 levels left
                                        Lives:  0   Deaths: 3

rFire    + . .     SeeInvis +     - Unarmed
rCold    . . .     Gourm    .   (shield unavailable)
rNeg     . . .     Faith    .   (armour unavailable)
rPois    .         Spirit   .   (helmet unavailable)
rElec    .         Reflect  .   (cloak unavailable)
rCorr    .         Harm     .   (gloves unavailable)
MR       +....                  (boots unavailable)
Stlth    +++++.....             k - amulet "Plog" {+Rage rF+ Int+3 Dex+2}
HPRegen  0.10/turn              m - ring of stealth
MPRegen  0.18/turn              G - +5 ring of intelligence

@: quick
A: very small, no armour, no weapons or thrown items, stealth, reduced essence,
claws 1, fangs 3, see invisible, carnivore, speed 1, shaggy fur 2, slow
metabolism 1, sharp paws
a: Recall Ancestor, Ancestor Identity, Transference, Idealise, Renounce
Religion, Evoke Berserk Rage


You were on level 5 of the Lair of Beasts.
You worshipped Hepliaklqana.
Hepliaklqana was greatly pleased with you.
You were very full.

You visited 3 branches of the dungeon, and saw 16 of its levels.
You also visited: Bailey and Gauntlet.

You collected 444 gold pieces.
You spent 227 gold pieces at shops.

Inventory:

Jewellery
 k - the amulet "Plog" (around neck) {+Rage rF+ Int+3 Dex+2}
   (You acquired it on level 7 of the Dungeon)

   [amulet of rage]

   It affects your intelligence (+3).
   It affects your dexterity (+2).
   It protects you from fire.
   It lets you go berserk.
 m - a ring of stealth (left paw)
 n - an uncursed ring of attention
 s - an uncursed amulet of magic regeneration
 A - an uncursed ring of stealth
 C - an uncursed amulet of the gourmand
 D - a +3 ring of strength
 G - a +5 ring of intelligence (right paw)
Wands
 j - a wand of flame (19)
 o - a wand of paralysis (15)
 t - a wand of acid (9)
 z - a wand of scattershot (5)
Scrolls
 c - 3 scrolls of blinking
 d - a scroll of teleportation
 e - 2 scrolls of fog
 f - 2 scrolls of immolation
 u - a scroll of summoning {unknown}
 x - 3 scrolls of remove curse
 y - a scroll of brand weapon
 H - a scroll of amnesia
Potions
 a - 2 potions of lignification
 g - 2 potions of agility
 h - a potion of haste
 i - a potion of berserk rage {unknown}
 l - a potion of heal wounds
 p - a potion of magic
 q - 2 potions of curing
 r - 2 potions of degeneration
 v - a potion of cancellation
 B - a potion of mutation {unknown}
 F - a potion of might {unknown}
Miscellaneous
 w - a sack of spiders
 E - a fan of gales (inert)
Comestibles
 b - 22 rations
 I - a chunk of flesh


   Skills:
 + Level 1.5 Fighting
 + Level 5.7 Dodging
 + Level 7.0 Stealth
 + Level 3.1 Unarmed Combat
 + Level 9.9 Spellcasting
 + Level 2.8 Conjurations
 + Level 0.1 Necromancy
 + Level 8.1 Air Magic
 + Level 9.7 Poison Magic
 + Level 1.1 Evocations


You had 2 spell levels left.
You knew the following spells:

 Your Spells              Type           Power        Failure   Level  Hunger
a - Sting                 Conj/Pois      ####         1%          1    None
b - Poisonous Vapours     Pois/Air       ######       1%          2    None
c - Olgreb's Toxic Radia  Pois           ######..     1%          4    #......
d - Mephitic Cloud        Conj/Pois/Air  #####...     1%          3    None
e - Venom Bolt            Conj/Pois      #####.....   11%         5    ####...
f - Cause Fear            Hex            ##........   45%         4    #......
g - Slow                  Hex            ##......     8%          2    None
h - Inner Flame           Hex/Fire       ##......     16%         3    None
i - Animate Skeleton      Necr           N/A          4%          1    None

Your spell library contained the following spells:

 Spells                   Type           Power        Failure   Level  Hunger
 Shock                    Conj/Air       ####         1%          1    None
 Swiftness                Chrm/Air       ####....     1%          2    None
 Corona                   Hex            ##.....      4%          1    None
 Pain                     Necr           ##..         4%          1    None
 Static Discharge         Conj/Air       #####...     1%          3    None
 Airstrike                Air            ######....   1%          4    #......
 Regeneration             Chrm/Necr      ##........   14%         3    None
 Vampiric Draining        Necr           ##........   14%         3    None
 Lightning Bolt           Conj/Air       #####.....   14%         5    ####...
 Animate Dead             Necr           N/A          43%         4    #......
 Leda's Liquefaction      Hex/Erth       ##........   45%         4    #......
 Portal Projectile        Hex/Tloc       Unusable     N/A         3    N/A

Dungeon Overview and Level Annotations

Branches:
Dungeon (10/15)            Temple (1/1) D:4            Lair (5/6) D:10
 Spider (0/4) Lair:3
  Swamp: Lair:2-4    Shoals: Lair:2-4     Slime: Lair:5-6       Orc: D:9-12

Altars:
Ashenzari
Cheibriados
Dithmenos
Elyvilon
Fedhas
Gozag
Hepliaklqana
Kikubaaqudgha
Makhleb
Nemelex Xobeh
Qazlal
Ru
Trog
Uskayaw
Vehumet
Wu Jian
Xom
Yredelemnul

Shops:
D:9 %   D:10 =

Annotations:
D:2 Natasha
D:4 Edmund


Innate Abilities, Weirdness & Mutations

You cannot wear armour.
You are incapable of wielding weapons or throwing items.
Your paws allow you to move quietly. (Stealth)
You have sharp claws.
You have razor-sharp teeth.
You have supernaturally acute eyesight. (SInv)
You are carnivorous and can eat meat at any time.
You cover ground quickly.
You are covered in thick fur. (AC +2)
You have a slow metabolism.
Your sharp claws are effective at attacking unaware monsters.
Your life essence is reduced to manifest your ancestor. (-10% HP)


Message History

Aiming: Poisonous Vapours (safe; 1% risk of failure)
Press: ? - help, Dir - move target cursor, f/p - hippogriff
Aim: a hippogriff (lightly wounded, poisoned) Poisonous vapours surround the hippogriff!
The hippogriff is engulfed in poison gas.
The hippogriff looks even sicker.
Nemi hits the water moccasin with a +0 dagger of draining.
Casting: Poisonous Vapours (safe; 1% risk of failure)
Confirm with . or Enter, or press ? or * to list all spells.
Aiming: Poisonous Vapours (safe; 1% risk of failure)
Press: ? - help, Dir - move target cursor, f/p - hippogriff
Aim: a hippogriff (moderately wounded, poisoned) Poisonous vapours surround the hippogriff!
The hippogriff is engulfed in poison gas.
The hippogriff looks even sicker.
Nemi points at the water moccasin and mumbles some strange words.
The water moccasin resists with some effort.
The water moccasin misses you. The water moccasin bites you!
You die...

8.#..
.....#
...#.
.....
.....#
....
......
...
....#
..
#...#.
#...#
#.@##
#RS.#
#8.<#
#.H.#
#..##
#....
....##
.....
....##


You could see the friendly Nemi the hexer, a hippogriff and a water moccasin.

Vanquished Creatures
  2 two-headed ogres (D:8)
  3 death yaks (D:10)
  A rime drake (Lair:4)
  A komodo dragon (Lair:4)
  3 polar bears
  3 blink frogs (Lair:1)
  3 hippogriffs
  6 yaks
  A basilisk (Lair:3)
  A water moccasin (Lair:1)
  3 porcupines
  3 ice beasts (D:8)
  A black bear (D:8)
  10 wolves
  A centaur (Bailey)
  3 ogres
  3 crocodiles
  4 bullfrogs
  A big kobold (D:7)
  8 killer bees (D:8)
  3 howler monkeys (D:8)
  2 crimson imps
  A bullfrog zombie (D:10)
  A bullfrog skeleton (D:6)
  A centaur zombie (D:7)
  An orc priest (D:8)
  A hound (D:8)
  A hexer (D:10)
  A worker ant (D:4)
  Natasha (D:2)
  4 orc wizards
  4 adders
  2 white imps (D:8)
  3 ufetubi
  An adder skeleton (D:5)
  3 adder zombies
  A worm (D:4)
  A dart slug (D:1)
  An adder simulacrum (D:8)
  2 leopard geckos (D:1)
  18 orcs
  A ball python (D:2)
  8 giant cockroaches
  4 goblins
  4 hobgoblins
  5 jackals
  8 kobolds
  2 quokkas
  5 bats
  3 frilled lizards
  A quokka skeleton (D:7)
  2 rats (D:1)
157 creatures vanquished.

Vanquished Creatures (collateral kills)
  A two-headed ogre (D:9)
  2 hippogriffs
  2 hungry ghosts
  A yak (D:10)
  2 water moccasins
  A porcupine (Lair:4)
  A black bear (D:10)
  An ogre (D:9)
  A centaur (D:8)
  2 wolves
  2 crocodiles
  A bullfrog (Lair:1)
  2 killer bees (D:8)
  A bullfrog zombie (D:6)
  3 crimson imps
  A quasit (D:8)
  A gnoll shaman (D:9)
  2 bullfrog skeletons
  An iguana (D:7)
  3 worker ants
  A centaur simulacrum (D:8)
  A hound skeleton (D:4)
  4 gnolls
  An adder (D:9)
  A hound simulacrum (D:8)
  A white imp (D:8)
  A worker ant simulacrum (D:8)
  An ooze (D:4)
  An adder zombie (D:7)
  A worm (D:4)
  2 adder simulacra (D:8)
  An orc (D:8)
  2 kobolds (D:7)
  2 leopard gecko skeletons
  A plant (Lair:2)
52 creatures vanquished.

Vanquished Creatures (others)
  9 hexers
  9 ancestors
  A bush (Lair:2)
  A fungus (Lair:1)
  3 plants
23 creatures vanquished.

Grand Total: 232 creatures vanquished

Notes
Turn   | Place    | Note
-------+----------+-------------------------------------------
     0 | D:1      | FireSwallow the Felid Venom Mage began the quest for the
                  | Orb.
     0 | D:1      | Reached XP level 1. HP: 7/7 MP: 4/4
    51 | D:1      | Reached skill level 1 in Conjurations
   180 | D:1      | Reached XP level 2. HP: 9/11 MP: 1/6
   191 | D:1      | Learned a level 2 spell: Poisonous Vapours
   672 | D:1      | Reached XP level 3. HP: 12/14 MP: 3/7
   846 | D:2      | Noticed Natasha
  1225 | D:2      | Killed Natasha
  1225 | D:2      | Reached XP level 4. HP: 18/18 MP: 0/8
  1276 | D:2      | Noticed Natasha
  1540 | D:1      | Learned a level 4 spell: Olgreb's Toxic Radiance
  1747 | D:4      | Noticed an ogre
  1769 | D:4      | Killed an ogre
  1769 | D:4      | Reached XP level 5. HP: 21/21 MP: 3/10
  1849 | D:4      | Found a staircase to the Ecumenical Temple.
  1866 | D:4      | Reached skill level 1 in Air Magic
  2004 | Temple   | Entered the Ecumenical Temple
  2267 | Temple   | Became a worshipper of Hepliaklqana the Forgotten
  2535 | D:4      | Noticed Edmund
  2576 | D:4      | Found a bloodstained altar of Trog.
  2576 | D:4      | Noticed an ogre
  2583 | D:4      | Killed an ogre
  2583 | D:4      | Gained mutation: You are covered in thick fur. (AC +2)
                  | [Felid growth]
  2583 | D:4      | Reached XP level 6. HP: 21/21 MP: 0/12
  2782 | D:5      | Entered Level 5 of the Dungeon
  3532 | D:5      | Noticed an ice beast
  4221 | D:6      | Reached * piety under Hepliaklqana
  4408 | D:6      | Reached skill level 1 in Unarmed Combat
  4525 | D:7      | Noticed an ice beast
  4575 | D:7      | Reached XP level 7. HP: 24/24 MP: 1/13
  4820 | D:7      | Found a sacrificial altar of Ru.
  4861 | D:7      | Found a flagged portal.
  4885 | Bailey   | Entered a bailey
  5188 | D:7      | Identified a scroll of acquirement
  5189 | D:7      | Got a coiled amethyst amulet
  5191 | D:7      | Identified the amulet "Plog" {+Rage rF+ Int+3 Dex+2} (You
                  | acquired it on level 7 of the Dungeon)
  5516 | D:8      | Noticed a yak
  5526 | D:7      | Learned a level 3 spell: Mephitic Cloud
  5527 | D:8      | Noticed a polar bear
  5536 | D:7      | Reached skill level 5 in Poison Magic
  5562 | D:7      | Killed a yak
  5562 | D:7      | Reached skill level 5 in Stealth
  5788 | D:7      | Killed a polar bear
  5788 | D:7      | Reached XP level 8. HP: 16/27 MP: 3/16
  5985 | D:8      | Noticed a polar bear
  6009 | D:8      | Killed a polar bear
  6009 | D:8      | Reached skill level 5 in Spellcasting
  6645 | D:8      | Noticed a polar bear
  6665 | D:8      | Killed a polar bear
  6828 | D:8      | Reached XP level 9. HP: 30/30 MP: 19/19
  7677 | D:8      | Reached ** piety under Hepliaklqana
  7678 | D:8      | Remembered your ancestor Nemi as a hexer
  7742 | D:8      | Reached skill level 5 in Air Magic
  7994 | D:8      | Killed from afar by an electric eel
  7995 | D:8      | Reached XP level 8. HP: -1/27 MP: 18/19
  8053 | D:9      | Found Tekuur's Food Shop.
  8082 | D:8      | You fall through a shaft!
  8097 | D:9      | Noticed a two-headed ogre
  8125 | D:9      | Noticed a two-headed ogre
  8531 | D:8      | Noticed a hippogriff
  8540 | D:8      | Killed a hippogriff
  9037 | D:8      | Reached XP level 9. HP: 30/30 MP: 15/20
  9075 | D:8      | Reached skill level 1 in Fighting
  9168 | D:8      | Killed a two-headed ogre
  9168 | D:8      | Reached skill level 5 in Dodging
  9563 | D:8      | Killed a two-headed ogre
  9563 | D:8      | Reached skill level 1 in Evocations
 10126 | D:9      | Reached XP level 10. HP: 35/35 MP: 14/22
 10129 | D:9      | Noticed a two-headed ogre
 10150 | D:9      | Killed a two-headed ogre
 10420 | D:10     | Entered Level 10 of the Dungeon
 10439 | D:10     | Found a basalt altar of Yredelemnul.
 10839 | D:10     | Reached *** piety under Hepliaklqana
 10856 | D:10     | Found Ritta's Jewellery Emporium.
 10899 | D:10     | Bought an uncursed ring of stealth for 227 gold pieces
 10944 | D:10     | Found a staircase to the Lair.
 10944 | D:10     | Noticed a death yak
 11045 | D:10     | Noticed a death yak
 11067 | D:10     | Noticed a death yak
 11165 | D:10     | Killed a death yak
 11306 | D:10     | Killed a death yak
 11593 | D:10     | Killed a death yak
 11680 | D:10     | Learned a level 5 spell: Venom Bolt
 11685 | D:10     | Learned a level 4 spell: Cause Fear
 11688 | D:10     | Learned a level 2 spell: Slow
 11692 | D:10     | Learned a level 3 spell: Inner Flame
 12158 | Lair:1   | Entered Level 1 of the Lair of Beasts
 12454 | Lair:1   | Learned a level 1 spell: Animate Skeleton
 12568 | Lair:1   | Reached XP level 11. HP: 37/37 MP: 25/25
 12809 | Lair:1   | Noticed a seven-headed hydra
 12833 | Lair:1   | Mangled by a seven-headed hydra
 12834 | Lair:1   | Reached XP level 10. HP: -8/35 MP: 20/24
 13022 | Lair:2   | Noticed a spiny frog
 13470 | Lair:2   | Noticed a spiny frog
 13522 | Lair:3   | Found a hole to the Spider Nest.
 13553 | Lair:3   | Found a gate leading to a gauntlet.
 13565 | Gauntlet | Entered a Gauntlet
 13565 | Gauntlet | Reached **** piety under Hepliaklqana
 13565 | Gauntlet | Found a transporter.
 13565 | Gauntlet | Found a transporter.
 13566 | Gauntlet | Found a transporter.
 13569 | Gauntlet | Found a transporter.
 13584 | Gauntlet | Noticed an elephant
 13588 | Gauntlet | Noticed an elephant
 13588 | Gauntlet | Noticed a dire elephant
 13589 | Gauntlet | Noticed an elephant
 13590 | Gauntlet | Found a transporter.
 13593 | Gauntlet | Found a transporter.
 13593 | Gauntlet | Noticed a worldbinder
 13601 | Gauntlet | Found a transporter.
 13926 | Lair:3   | Found an opulent altar of Gozag.
 13947 | Lair:3   | Noticed a spiny frog
 13990 | Lair:3   | Noticed a spiny frog
 14003 | Lair:4   | Noticed a spiny frog
 14472 | Lair:4   | Killed from afar by a rime drake
 14473 | Lair:4   | Reached XP level 9. HP: -1/31 MP: 12/23
 14477 | Lair:4   | Killed a rime drake
 14715 | Lair:4   | Noticed a spiny frog
 14760 | Lair:5   | Slain by a water moccasin

Skill      XL: |  1  2  3  4  5  6  7  8  9 10 11 |
---------------+----------------------------------+-----
Conjurations   | 1 2 |  2.8
Stealth        | 3 4 5 6 7 |  7.0
Dodging        | 3 4 5 |  5.7
Poison Magic   | 3 4 5 6 8 9 |  9.7
Spellcasting   | 3 4 7 9 |  9.9
Air Magic      | 1 3 4 6 8 |  8.1
Unarmed Combat | 1 2 3 |  3.1
Fighting       | 1 |  1.5
Evocations     | 1 |  1.1
Necromancy     | |  0.1

Action                   |  1- 3 |  4- 6 |  7- 9 | 10-12 || total
-------------------------+-------+-------+-------+-------++-------
Melee: Unarmed           |    25 |    34 |    83 |    29 ||   171
       Bite              |     3 |     1 |     4 |     5 ||    13
       Punch             |       |       |     1 |       ||     1
 Cast: Sting             |    31 |    43 |    35 |    11 ||   120
       Poisonous Vapours |    14 |    23 |   154 |   153 ||   344
       Animate Skeleton  |       |       |     1 |     9 ||    10
       Venom Bolt        |       |       |       |     4 ||     4
       Inner Flame       |       |       |       |     1 ||     1
Invok: Recall Ancestor   |       |     4 |     7 |     5 ||    16
       Ancestor Identity |       |     1 |       |       ||     1
       Ancestor Life: He |       |       |     1 |       ||     1
Evoke: Wand              |       |       |    16 |     6 ||    22
       Fan of gales      |       |       |       |     1 ||     1
  Use: Scroll            |       |     5 |    12 |     8 ||    25
       Potion            |       |     1 |     2 |     3 ||     6
 Stab: Sleeping          |     2 |     2 |     1 |     2 ||     7
       Distracted        |       |       |     3 |     1 ||     4
       Paralysed         |       |       |     8 |       ||     8
       Confused          |       |       |       |     2 ||     2
  Eat: Chunk             |     9 |     5 |    22 |    15 ||    51
Armor: Skin              |     2 |     5 |     6 |     4 ||    17
Dodge: Dodged            |    54 |   101 |   182 |    66 ||   403
